 Dungeon Crawl Stone Soup version 0.27-a0-1374-gc14e5d3922 (webtiles) character file.

Game seed: 15997948966553525364

130 Ijustatesigmund the Shield-Bearer (level 5, -4/37 HPs)
             Began as an Octopode Fighter on June 29, 2021.
             Slain by Crazy Yiuf (8 damage)
             ... on level 2 of the Dungeon.
             The game lasted 00:02:28 (2469 turns).

Ijustatesigmund the Shield-Bearer (OpFi)            Turns: 2469, Time: 00:02:29

Health: -4/37      AC:  1    Str: 16    XL:     5   Next: 13%
Magic:  0/5        EV: 11    Int: 10    God:
Gold:   70         SH: 14    Dex: 12    Spells: 4/4 levels left

rFire    . . .     SeeInvis .   a - +0 war axe
rCold    . . .     Faith    .   b - +0 kite shield
rNeg     . . .     Spirit   .   (helmet restricted)
rPois    .         Reflect  +   h - amulet of reflection
rElec    .         Harm     .   (no ring)
rCorr    .         Rampage  .   (no ring)
Will     .....                  (no ring)
Stlth    ++........             (no ring)
HPRegen  0.12/turn              (no ring)
MPRegen  0.09/turn              (no ring)
                                (no ring)
                                (no ring)

@: no status effects
A: almost no armour, amphibious, 8 rings, camouflage 1, gelatinous body 1,
(nimble swimmer 1), tentacles
a: no special abilities


You were on level 2 of the Dungeon.
You visited 1 branch of the dungeon, and saw 2 of its levels.

You collected 70 gold pieces.

Inventory:

Hand Weapons
 a - a +0 war axe (weapon)
Armour
 b - a +0 kite shield (worn)
Jewellery
 d - an amulet of the acrobat
 h - an amulet of reflection (around mantle)
Scrolls
 g - a scroll of enchant weapon {unknown}
Potions
 c - 3 potions of might
 e - 2 potions of magic {unknown}
 f - a potion of cancellation {unknown}


   Skills:
 + Level 3.6 Fighting
 * Level 3.6 Axes
 + Level 3.6 Dodging
 + Level 3.6 Shields


You had 4 spell levels left.
You didn't know any spells.
Your spell library contained the following spells:

 Spells                   Type           Power      Damage    Failure   Level
 Animate Skeleton         Necr           0%         N/A       86%         1
 Pain                     Necr           0%         1d4       86%         1
 Vampiric Draining        Necr           0%         2d6       99%         3
 Animate Dead             Necr           0%         N/A       100%        4
 Agony                    Necr           0%         N/A       100%        5


Dungeon Overview and Level Annotations

Branches:
Dungeon (2/15)

Altars:

Shops:
D:1 :

Annotations:
D:2 Crazy Yiuf


Innate Abilities, Weirdness & Mutations

You cannot wear most types of armour.
You are amphibious.
You can wear up to eight rings at the same time.
Your skin changes colour to match your surroundings (Stealth+).
Your rubbery body absorbs attacks. (AC +1, EV +1)
((You are camouflaged near water. (Stealth+)))
You have tentacles for arms and can constrict up to eight enemies at once.


Message History

The fungus is lightly damaged.
You hit the fungus.
The fungus begins to die.
You hit the fungus.
The fungus begins to die.
You constrict the fungus. You slash the fungus!
You squeeze the fungus, but do no damage.
The fungus is lightly damaged.
You hit the fungus. x2; You constrict the fungus.
You hit the fungus. You squeeze the fungus!
The fungus is lightly damaged.
You hit the fungus. x2; You constrict the fungus.
A nearby fungus withers and dies. x2
You hit the fungus. You squeeze the fungus!
The fungus is moderately damaged.
You constrict the fungus!
A nearby fungus withers and dies.
You lose your grip on the fungus.
You slash the fungus!
The fungus begins to die.
You grab the fungus.
The fungus is lightly damaged.
You constrict the fungus. You slash the fungus!
The fungus is lightly damaged.
You constrict the fungus. You slash the fungus!
The fungus is lightly damaged.
You constrict the fungus.
A nearby fungus withers and dies.
You lose your grip on the fungus.
Found a runed mace.
Found a runed translucent door.
You open the door.
Crazy Yiuf shouts!
There is an open translucent door here.
Crazy Yiuf yells, "Lay!
Gnoll pizzabubble sallow."
Crazy Yiuf drinks a potion.
Crazy Yiuf flickers and vanishes!
Deactivating autopickup; reactivate with Ctrl-A.
You slash something! Something hits you!
You feel your power leaking away.
You slash something! You squeeze something. Something hits you! x2
* * * LOW HITPOINT WARNING * * *
Something burns you.
* * * LOW HITPOINT WARNING * * *
You closely miss something. Something hits you!
You die...

..†..........# #.'.........'...
..#.########.#####.#........>####
.##.# #.......##.......## # ###.#
################## #.# #.#
######## #.# ########.#....####
#.# #...##..#........# #.#
#.{@'.#####......# #.# #)..###
#P...#.### ###.# ##### ####......
....# #..[### ##### #####


There were no monsters in sight!

Vanquished Creatures
  Jessica (D:2)
  An iguana (D:2)
  2 adders (D:2)
  2 worms (D:2)
  2 dart slugs (D:1)
  7 bats
  3 endoplasms
  2 giant cockroaches (D:1)
  4 goblins
  A hobgoblin (D:1)
  2 jackals (D:1)
  6 kobolds
  4 quokkas
  5 ball pythons
  6 frilled lizards
  4 rats
52 creatures vanquished.

Vanquished Creatures (others)
  4 fungi (D:2)
  5 plants (D:1)
  7 withered plants (D:1)
16 creatures vanquished.

Grand Total: 68 creatures vanquished

Notes
Turn   | Place    | Note
-------+----------+-------------------------------------------
     0 | D:1      | Ijustatesigmund the Octopode Fighter began the quest for
                  | the Orb.
     0 | D:1      | Reached XP level 1. HP: 16/16 MP: 1/1
    42 | D:1      | Reached XP level 2. HP: 16/21 MP: 2/2
   169 | D:1      | Found Fyestum's Book Shoppe.
   654 | D:1      | Reached XP level 3. HP: 15/26 MP: 3/3
   927 | D:1      | Found a faded altar of an unknown god.
  1716 | D:2      | Reached XP level 4. HP: 24/31 MP: 4/4
  2303 | D:2      | Noticed Jessica
  2309 | D:2      | Killed Jessica
  2310 | D:2      | Reached XP level 5. HP: 37/37 MP: 5/5
  2460 | D:2      | Found a runed translucent door.
  2461 | D:2      | Noticed Crazy Yiuf
  2469 | D:2      | Slain by Crazy Yiuf

Illustrated notes

Levels and vault maps discovered:
D:1:      minmay_arrival_four_houses, layout_loops_ring,
          shapermc_ecumenical_altar_flowoftime, serial_shops,
          nicolae_shop_behind_doors, serial_bayou_pond_d, minmay_distorted
D:2:      layout_loops_corners, minmay_pentomino_x4, uniq_jessica,
          uniq_crazy_yiuf_cottage

Skill      XL: |  1  2  3 |
---------------+----------+-----
Axes           | 3 |  3.6
Fighting       | |  3.6
Dodging        | |  3.6
Shields        | |  3.6

Action                   |  1- 3 |  4- 6 || total
-------------------------+-------+-------++-------
Melee: War axe           |    74 |    34 ||   108
       Constrict         |    18 |     9 ||    27
       Tentacles         |    12 |    10 ||    22
  Use: Scroll            |     1 |       ||     1
 Stab: Sleeping          |     5 |     6 ||    11
Armor: Skin              |     2 |     1 ||     3
Dodge: Dodged            |    39 |     5 ||    44
Block: Kite shield       |    27 |    11 ||    38

Table legend: (Time is in decaauts)
 A = Elapsed time spent in this place.
 B = Non-inter-level travel time spent in this place.
 C = Inter-level travel time spent in this place.
 D = Time resting spent in this place.
 E = Time spent auto-exploring this place.
 F = Levels seen in this place.
 G = Mean time per level.
                   A        B        C        D        E       F      G
               +--------+--------+--------+--------+--------+-----+--------+
         Total |   2533 |   2515 |     18 |    560 |   1580 |   2 | 1266.5 |
       Dungeon |   2533 |   2515 |     18 |    560 |   1580 |   2 | 1266.5 |
               +--------+--------+--------+--------+--------+-----+--------+

Top non-repeatable levels by time:
     D:1: 1453 daAuts
     D:2: 1079 daAuts
